[Event "African Online-ch Women 2021"]
[Site "Online"]
[Date "2021.02.01"]
[Round "4.7"]
[White "McPherson, Naleli"]
[Black "Miladi, Amen"]
[Result "1-0"]
[ECO "B20"]
[WhiteElo "1303"]
[BlackElo "1802"]
[Annotator "NA RC"]
[PlyCount "77"]
[EventDate "2021.02.01"]
[EventType "swiss"]
[EventCountry "NET"]
[SourceTitle "playchess.com"]
[Source "ChessBase"]
[SourceQuality "1"]
[TimeControl "1500+10"]

1. e4 c5 2. c4 Nc6 3. d3 g6 4. Nc3 Bg7 5. Nf3 d6 6. Be2 a6 7. a4 Nf6 8. O-O O-O 9. Be3 h6 10. h3 Ne8 11. d4 cxd4 12. Bxd4 Nxd4 13. Nxd4 Nc7 14. f4 Ne8 15. a5 e5 16. fxe5 dxe5 17. Nf3 Qe7 18. Nd5 Qc5+ 19. Kh1 Nd6 20. b4 Qa7 21. Ne7+ Kh7 22. Qxd6 Be6 23. Nd5 Rfd8 24. Qc7 Bxd5 25. cxd5 Qe3 26. Rfe1 Qxe4 27. Bxa6 Qxd5 28. Bxb7 Ra7 29. Bxd5 Rxc7 30. Rad1 Rcd7 31. Bb3 Rxd1 32. Rxd1 Rxd1+ 33. Bxd1 e4 34. Ng1 Bc3 35. a6 Bd4 36. Ne2 Ba7 37. b5 Kg7 38. Nc3 Bd4 39. Na4 1-0

[Event "African Online-ch Women 2021"]
[Site "Online"]
[Date "2021.02.01"]
[Round "4.8"]
[White "Shaba, Linda Dalitso"]
[Black "Botlhole, Kgalalelo"]
[Result "1-0"]
[ECO "E01"]
[WhiteElo "1603"]
[BlackElo "1705"]
[Annotator "NA RC"]
[PlyCount "121"]
[EventDate "2021.02.01"]
[EventType "swiss"]
[EventCountry "NET"]
[SourceTitle "playchess.com"]
[Source "ChessBase"]
[SourceQuality "1"]
[TimeControl "1500+10"]

1. d4 d5 2. c4 e6 3. Nf3 Nf6 4. g3 c6 5. Bg2 Nbd7 6. O-O Bd6 7. Qc2 O-O 8. Bg5 dxc4 9. Nbd2 c5 10. Nxc4 Be7 11. Rfd1 Nd5 12. Bxe7 Qxe7 13. e4 Nb4 14. Qb3 Nf6 15. Nfe5 b5 16. Ne3 c4 17. Qc3 Bb7 18. a3 Nc6 19. Nxc6 Bxc6 20. d5 exd5 21. Nxd5 Bxd5 22. exd5 Rad8 23. a4 a6 24. axb5 axb5 25. Ra5 Rb8 26. b3 Rfc8 27. bxc4 bxc4 28. d6 Qd8 29. d7 Rc7 30. Bh3 h6 31. Ra4 Rb3 32. Qc2 Nxd7 33. Rxc4 Rbb7 34. Rxc7 Rxc7 35. Qd2 Qg5 36. Qxg5 hxg5 37. Rxd7 Rc1+ 38. Kg2 f6 39. Bf5 Rc5 40. Bg6 Rc8 41. Re7 Kf8 42. Rf7+ Kg8 43. Ra7 Rd8 44. Kf3 Kf8 45. Ke4 Rd2 46. Ke3 Rd8 47. h4 gxh4 48. gxh4 Kg8 49. Ke4 Kf8 50. f4 Rb8 51. Kf5 Rb5+ 52. Ke6 Rb6+ 53. Kd7 Rb8 54. Rc7 Ra8 55. Rc8+ Rxc8 56. Kxc8 Ke7 57. Kc7 Ke6 58. Kd8 f5 59. Ke8 Kf6 60. h5 Ke6 61. Kf8 1-0

[Event "African Online-ch Women 2021"]
[Site "Online"]
[Date "2021.02.01"]
[Round "4.9"]
[White "Farnela, Nuzela Zacarias Musi"]
[Black "Maingi, Sasha"]
[Result "1-0"]
[ECO "B11"]
[WhiteElo "1431"]
[BlackElo "1599"]
[Annotator "NA RC"]
[PlyCount "85"]
[EventDate "2021.02.01"]
[EventType "swiss"]
[EventCountry "NET"]
[SourceTitle "playchess.com"]
[Source "ChessBase"]
[SourceQuality "1"]
[TimeControl "1500+10"]

1. e4 c6 2. Nf3 d5 3. Nc3 Bg4 4. d3 e6 5. h3 Bxf3 6. Qxf3 Nd7 7. Be2 Ngf6 8. Bd2 Be7 9. a3 Qb6 10. Rb1 d4 11. Na2 Bxa3 12. O-O Bd6 13. c3 Be5 14. cxd4 Bxd4 15. Be3 O-O 16. Nc3 Ne5 17. Qg3 Rfd8 18. Rfd1 Bxe3 19. fxe3 c5 20. Qxe5 c4 21. Qg3 cxd3 22. Rxd3 Rxd3 23. Bxd3 Rd8 24. Be2 g6 25. Kf2 Rd2 26. Qe5 Kg7 27. Qb5 Qc7 28. Rd1 Rxd1 29. Bxd1 a6 30. Qd3 Qe5 31. Qd4 Qg5 32. e5 Ng8 33. Qf4 Qd8 34. Qd4 Qc7 35. Bf3 b5 36. Be2 Qa5 37. Ne4 Qc7 38. Nf6 Nh6 39. Ne8+ Kg8 40. Nxc7 Nf5 41. Qd8+ Kg7 42. Qf6+ Kh6 43. g4 1-0

[Event "African Online-ch Women 2021"]
[Site "Online"]
[Date "2021.02.01"]
[Round "4.10"]
[White "Ndirangu, Joyce Nyaruai"]
[Black "Madelta Glenda"]
[Result "0-1"]
[ECO "D02"]
[WhiteElo "1659"]
[BlackElo "1420"]
[Annotator "NA RC"]
[PlyCount "80"]
[EventDate "2021.02.01"]
[EventType "swiss"]
[EventCountry "NET"]
[SourceTitle "playchess.com"]
[Source "ChessBase"]
[SourceQuality "1"]
[TimeControl "1500+10"]

1. d4 d5 2. Nf3 Bf5 3. Bf4 e6 4. e3 Nf6 5. Be2 Bd6 6. Ne5 h6 7. Nd2 Nc6 8. c3 Ne7 9. Qb3 Qc8 10. c4 dxc4 11. Bxc4 O-O 12. O-O a6 13. a4 Ng6 14. Nxg6 Bxg6 15. Bg3 Rb8 16. Rfc1 Qd8 17. Nf3 Bxg3 18. hxg3 Be4 19. Ne5 c6 20. a5 Bd5 21. f3 Qd6 22. Kf2 Bxc4 23. Nxc4 Qd5 24. Qc3 Qb5 25. e4 Nd7 26. Ra3 Qg5 27. Qe3 Qe7 28. Rb3 Rfc8 29. e5 c5 30. Nd6 cxd4 31. Rxc8+ Rxc8 32. Qxd4 Rc7 33. Rxb7 Rxb7 34. Nxb7 Nxe5 35. Qb6 Nc4 36. Qc6 Qb4 37. Qxa6 Qxb2+ 38. Kg1 Ne3 39. Qf1 Nxf1 40. Kxf1 Qxb7 0-1

[Event "African Online-ch Women 2021"]
[Site "Online"]
[Date "2021.02.01"]
[Round "4.11"]
[White "Vilhete, Vania Fausto Da T."]
[Black "Karania, Saloni"]
[Result "1-0"]
[ECO "D07"]
[WhiteElo "1799"]
[BlackElo "1304"]
[Annotator "NA RC"]
[PlyCount "97"]
[EventDate "2021.02.01"]
[EventType "swiss"]
[EventCountry "NET"]
[SourceTitle "playchess.com"]
[Source "ChessBase"]
[SourceQuality "1"]
[TimeControl "1500+10"]

1. d4 d5 2. c4 e6 3. Nf3 Nc6 4. e3 Nf6 5. Bd3 g6 6. O-O Bg7 7. Nbd2 O-O 8. b3 Ne7 9. Bb2 c6 10. Rc1 Re8 11. Re1 Bd7 12. Ne5 Nh5 13. Ndf3 b6 14. a4 Rc8 15. cxd5 exd5 16. Be2 Nf5 17. g4 Nxe3 18. fxe3 Nf6 19. h3 Ne4 20. Bd3 f6 21. Nxd7 Qxd7 22. Nd2 f5 23. Nxe4 fxe4 24. Ba6 Rb8 25. Rf1 b5 26. Qe2 Rb6 27. axb5 cxb5 28. Ra1 Ree6 29. Bc8 Qxc8 30. Rxa7 Rb7 31. Rfa1 Rxa7 32. Rxa7 Qb8 33. Rd7 Qg3+ 34. Qg2 Qxe3+ 35. Kh2 Rf6 36. Rd8+ Kf7 37. Rd7+ Ke8 38. Bc1 Qf2 39. Rxg7 Qxd4 40. Bb2 Qf2 41. Bxf6 Qxf6 42. Rxh7 Qf4+ 43. Qg3 Qd2+ 44. Qg2 Qf4+ 45. Kg1 Qe3+ 46. Qf2 Qc1+ 47. Kg2 Qa3 48. Qf7+ Kd8 49. Qd7# 1-0

[Event "African Online-ch Women 2021"]
[Site "Online"]
[Date "2021.02.01"]
[Round "4.12"]
[White "Du Plessis, Anika"]
[Black "Leboela, Maboloko"]
[Result "1-0"]
[ECO "B57"]
[WhiteElo "1541"]
[BlackElo "1296"]
[Annotator "NA RC"]
[PlyCount "99"]
[EventDate "2021.02.01"]
[EventType "swiss"]
[EventCountry "NET"]
[SourceTitle "playchess.com"]
[Source "ChessBase"]
[SourceQuality "1"]
[TimeControl "1500+10"]

1. e4 c5 2. Nf3 Nc6 3. d4 cxd4 4. Nxd4 d6 5. Bc4 Nf6 6. Nc3 g6 7. O-O Bg7 8. Nde2 O-O 9. Bg5 Ne5 10. Bb3 b6 11. Nd5 Nxd5 12. Bxd5 Rb8 13. Nc3 Qc7 14. Nb5 Qd7 15. Nc3 e6 16. Bb3 b5 17. a4 b4 18. Nb5 Rb6 19. Qd2 a6 20. Nd4 Bb7 21. a5 Rb5 22. Nxb5 Qxb5 23. Bh6 Nc4 24. Bxc4 Qxc4 25. Bxg7 Kxg7 26. Qxd6 Qxe4 27. f3 Qxc2 28. Qxb4 Bd5 29. Qc3+ Qxc3 30. bxc3 Bc4 31. Rfd1 Rb8 32. Rab1 Rc8 33. Rb7 Bd5 34. Rb6 Bc4 35. Kf2 h5 36. Ke3 Kf6 37. h4 Kf5 38. Rb7 f6 39. Rb4 Bd5 40. Rd3 Bc4 41. Rd4 Bd5 42. Kd3 Rc5 43. c4 Bc6 44. Rb6 e5 45. Rd6 e4+ 46. Kd4 Rxa5 47. Rbxc6 exf3 48. gxf3 Kf4 49. Rxf6+ Kg3 50. Rxa6 1-0

[Event "African Online-ch Women 2021"]
[Site "Online"]
[Date "2021.02.01"]
[Round "4.13"]
[White "Ibtihal Mohammed"]
[Black "Joao, Delfina"]
[Result "0-1"]
[ECO "C02"]
[WhiteElo "1491"]
[BlackElo "1727"]
[Annotator "NA RC"]
[PlyCount "89"]
[EventDate "2021.02.01"]
[EventType "swiss"]
[EventCountry "NET"]
[SourceTitle "playchess.com"]
[Source "ChessBase"]
[SourceQuality "1"]
[TimeControl "1500+10"]

1. e4 e6 2. d4 d5 3. e5 c5 4. c3 Nc6 5. Nf3 Qb6 6. Bd3 Bd7 7. dxc5 Bxc5 8. O-O Qc7 9. Bf4 Nge7 10. Nbd2 O-O 11. Nb3 Bb6 12. Rc1 Ng6 13. Bg3 Rac8 14. Nbd4 Nxd4 15. cxd4 Qxc1 16. Qxc1 Rxc1 17. Rxc1 Ne7 18. Bh4 Nc6 19. Rd1 Rc8 20. Bb5 a6 21. Bxc6 Rxc6 22. b3 Rc2 23. a3 Bb5 24. Bg5 Be2 25. Rc1 Rxc1+ 26. Bxc1 Bxf3 27. gxf3 Bxd4 28. f4 f6 29. Be3 Bxe3 30. fxe3 fxe5 31. fxe5 Kf7 32. Kf2 Kg6 33. Kf3 Kf5 34. h3 Kxe5 35. h4 Kf5 36. a4 b6 37. b4 e5 38. b5 axb5 39. axb5 g6 40. Kg3 Ke4 41. Kf2 h6 42. Ke2 g5 43. hxg5 hxg5 44. Kf2 g4 45. Ke2 0-1

[Event "African Online-ch Women 2021"]
[Site "Online"]
[Date "2021.02.01"]
[Round "4.14"]
[White "Malehloa, Likhomo"]
[Black "Castro, Neusa Aridas De"]
[Result "1-0"]
[ECO "D00"]
[WhiteElo "1331"]
[BlackElo "1512"]
[Annotator "NA RC"]
[PlyCount "147"]
[EventDate "2021.02.01"]
[EventType "swiss"]
[EventCountry "NET"]
[SourceTitle "playchess.com"]
[Source "ChessBase"]
[SourceQuality "1"]
[TimeControl "1500+10"]

1. d4 e6 2. Nc3 d5 3. Bf4 c5 4. e3 Qb6 5. b3 Nc6 6. Nf3 Bd7 7. Be2 Nge7 8. O-O Ng6 9. Bg3 cxd4 10. exd4 Be7 11. Nb5 O-O 12. c4 dxc4 13. bxc4 a6 14. Nc3 Bf6 15. Rb1 Qa5 16. Ne4 Nd8 17. Nxf6+ gxf6 18. Qd2 Qxd2 19. Nxd2 Bc6 20. Rb2 f5 21. f3 f6 22. Bf2 Nf7 23. Rfb1 Nf4 24. Bf1 Ng5 25. Be3 Ng6 26. Bf2 Rad8 27. Nb3 b6 28. Nd2 b5 29. cxb5 axb5 30. Bxb5 Bxb5 31. Rxb5 Nf4 32. Be3 Ne2+ 33. Kf2 Nxd4 34. Bxd4 Rxd4 35. R1b2 Rfd8 36. Nf1 R8d7 37. R5b4 R4d6 38. Rb7 Nf7 39. Rxd7 Rxd7 40. a4 Ra7 41. Ra2 Nd6 42. Ne3 Kf7 43. Ke2 Nb5 44. Kd3 Ke7 45. Kc4 Nd6+ 46. Kc5 Kd7 47. a5 Ra6 48. Kb4 Kc6 49. Rc2+ Kd7 50. Nc4 Nb7 51. Kb5 Ra8 52. a6 Nd8 53. Nb6+ Kd6 54. Nxa8 Nf7 55. Rd2+ Ke5 56. Nc7 Nd6+ 57. Kc6 Nc8 58. Kb7 Nd6+ 59. Rxd6 Kxd6 60. a7 e5 61. a8=Q e4 62. fxe4 fxe4 63. Qd8+ Ke5 64. Qe7+ Kd4 65. Qxh7 e3 66. Qe7 f5 67. h4 f4 68. h5 Kd3 69. h6 e2 70. h7 Kd2 71. h8=Q e1=Q 72. Qxe1+ Kxe1 73. Nd5 Kf2 74. Nxf4 1-0

[Event "African Online-ch Women 2021"]
[Site "Online"]
[Date "2021.02.01"]
[Round "4.15"]
[White "Jambo, Linda"]
[Black "Sitoe, Cheila Andre"]
[Result "0-1"]
[ECO "C54"]
[WhiteElo "1478"]
[BlackElo "1588"]
[Annotator "NA RC"]
[PlyCount "62"]
[EventDate "2021.02.01"]
[EventType "swiss"]
[EventCountry "NET"]
[SourceTitle "playchess.com"]
[Source "ChessBase"]
[SourceQuality "1"]
[TimeControl "1500+10"]

1. e4 e5 2. Nf3 Nc6 3. Bc4 Bc5 4. c3 Nf6 5. d4 exd4 6. cxd4 Bb4+ 7. Nc3 O-O 8. O-O Bxc3 9. bxc3 Nxe4 10. Qd3 d5 11. Bb3 h6 12. Re1 Bf5 13. Qb5 Nxc3 14. Qxb7 Ne7 15. Qb4 Ne4 16. Bxd5 Nxd5 17. Qa5 Bh7 18. Ba3 Re8 19. Ne5 Ndf6 20. Qa4 Qd5 21. f3 Nd6 22. Bxd6 Qxd6 23. Qc4 Qd5 24. Rac1 Bf5 25. Qxd5 Nxd5 26. Nc6 Rxe1+ 27. Rxe1 Be6 28. g3 a6 29. f4 a5 30. Re5 Nb4 31. Ne7+ Kf8 0-1

[Event "African Online-ch Women 2021"]
[Site "Online"]
[Date "2021.02.01"]
[Round "5.4"]
[White "Francis, Onkemetse"]
[Black "Rodriguez Guevara, Celia M."]
[Result "1-0"]
[ECO "B01"]
[WhiteElo "1798"]
[BlackElo "1849"]
[Annotator "NA RC"]
[PlyCount "103"]
[EventDate "2021.02.01"]
[EventType "swiss"]
[EventCountry "NET"]
[SourceTitle "playchess.com"]
[Source "ChessBase"]
[SourceQuality "1"]
[TimeControl "1500+10"]

1. e4 d5 2. exd5 Qxd5 3. Nc3 Qa5 4. Nf3 Nf6 5. Bc4 Bf5 6. O-O e6 7. h3 c6 8. d4 Bd6 9. Bd2 Qc7 10. Re1 Nbd7 11. a3 O-O-O 12. b4 g5 13. Nxg5 Rhg8 {[%emt 0:02:08] [#]} 14. Bd3 ({White should play} 14. Qf3 $1 $16) 14... Bxd3 15. cxd3 Rg7 16. Qf3 Rdg8 17. Nge4 Rxg2+ 18. Qxg2 Rxg2+ 19. Kxg2 Bf4 20. Bxf4 Qxf4 $15 21. b5 Nh5 22. bxc6 bxc6 23. Re3 f5 24. Ne2 Qh6 25. Nc5 Nxc5 26. dxc5 Qg7+ 27. Ng3 f4 28. Rxe6 Qxa1 29. Nxh5 Qxa3 30. Nxf4 Qxc5 31. Re8+ Kd7 32. Rg8 Qe7 33. Rb8 Kc7 34. Rb1 a5 35. Rc1 a4 36. Nd5+ Kd6 37. Nxe7 Kxe7 38. Ra1 Kd6 39. Rxa4 Kd5 40. f4 c5 41. Kg3 Ke6 42. Rc4 Kd5 43. f5 Ke5 44. Rxc5+ Kd4 45. Rc7 Kxd3 46. f6 Ke4 47. f7 h5 48. f8=R h4+ 49. Kxh4 Kd5 50. Rd8+ Ke6 51. Kg5 Ke5 52. Re7# 1-0

[Event "African Online-ch Women 2021"]
[Site "Online"]
[Date "2021.02.01"]
[Round "5.5"]
[White "Madelta Glenda"]
[Black "Charinda, Kudzanayi"]
[Result "0-1"]
[ECO "A45"]
[WhiteElo "1420"]
[BlackElo "1710"]
[Annotator "NA RC"]
[PlyCount "66"]
[EventDate "2021.02.01"]
[EventType "swiss"]
[EventCountry "NET"]
[SourceTitle "playchess.com"]
[Source "ChessBase"]
[SourceQuality "1"]
[TimeControl "1500+10"]

1. d4 Nf6 2. Nc3 e6 3. Bf4 d6 4. e3 Be7 5. Bd3 O-O 6. Nf3 Re8 7. h3 Bf8 8. O-O Nbd7 9. e4 a6 10. Bg5 h6 11. Bh4 Be7 12. Bg3 b5 13. a3 Bb7 14. Re1 c5 15. e5 dxe5 16. dxe5 Nd5 17. Nxd5 Bxd5 18. Be4 Bxe4 19. Rxe4 Nf8 20. Qe2 Qc7 21. Nh2 Red8 22. Qh5 Ng6 23. Ng4 Qc6 24. Rae1 Rd4 25. R4e2 Bh4 26. Bxh4 Nf4 27. Nxh6+ gxh6 28. Qg4+ Kh7 29. Kf1 Rg8 30. Qf3 Qxf3 31. gxf3 Nxe2 32. Rxe2 Rxh4 33. Rd2 Rxh3 0-1

[Event "African Online-ch Women 2021"]
[Site "Online"]
[Date "2021.02.01"]
[Round "5.6"]
[White "Caxita, Esperanca"]
[Black "Shaba, Linda Dalitso"]
[Result "0-1"]
[ECO "C01"]
[WhiteElo "1882"]
[BlackElo "1603"]
[Annotator "NA RC"]
[PlyCount "98"]
[EventDate "2021.02.01"]
[EventType "swiss"]
[EventCountry "NET"]
[SourceTitle "playchess.com"]
[Source "ChessBase"]
[SourceQuality "1"]
[TimeControl "1500+10"]

1. e4 e6 2. d4 d5 3. exd5 exd5 4. Bd3 Nf6 5. Nf3 Bd6 6. O-O O-O 7. Bg5 Bg4 8. Nbd2 Nbd7 9. c3 c6 10. Re1 Qc7 11. h3 Bh5 12. Qc2 Rfe8 13. a3 a5 14. Rac1 b5 15. a4 Bg6 16. Ra1 b4 17. Bxg6 hxg6 18. cxb4 Bxb4 19. Rac1 Rxe1+ 20. Nxe1 Rc8 21. Nd3 Bd6 22. Nb3 Qb6 (22... Qa7 $11) 23. Bd2 Bb4 24. Bxb4 axb4 25. Ndc5 Nxc5 26. Qxc5 Qb8 27. Na5 Ne4 $18 (27... Qf4 $16 {was called for.}) 28. Qc2 Qf4 29. Rf1 c5 30. Nb3 c4 31. Qc1 Qf6 32. f3 Ng3 33. Re1 Ra8 34. Na1 Qxd4+ 35. Kh2 Nf5 36. Nc2 Qc5 37. Qa1 d4 38. Qd1 d3 39. Na1 Qd4 40. b3 c3 41. Re4 Qd5 42. g3 Qd6 43. f4 Rc8 44. g4 c2 45. Nxc2 dxc2 46. Qc1 Qd1 47. Re1 Qxe1 48. Qxe1 c1=Q 49. Qxc1 Rc7 0-1

[Event "African Online-ch Women 2021"]
[Site "Online"]
[Date "2021.02.01"]
[Round "5.7"]
[White "Miladi, Amen"]
[Black "Farnela, Nuzela Zacarias Musi"]
[Result "1-0"]
[ECO "C26"]
[WhiteElo "1802"]
[BlackElo "1431"]
[Annotator "NA RC"]
[PlyCount "95"]
[EventDate "2021.02.01"]
[EventType "swiss"]
[EventCountry "NET"]
[SourceTitle "playchess.com"]
[Source "ChessBase"]
[SourceQuality "1"]
[TimeControl "1500+10"]

1. e4 e5 2. Nc3 Nc6 3. g3 Nf6 4. Bg2 Bc5 5. Nge2 d6 6. d3 h6 7. O-O a6 8. h3 Be6 9. Kh2 Qd7 10. a3 g5 11. b4 Ba7 12. b5 Nd4 13. bxa6 bxa6 14. Be3 Bxh3 15. Bxd4 Bxg2 16. Kxg2 Bxd4 17. Nxd4 exd4 18. Nd5 Nxd5 19. exd5 O-O 20. Qh5 Kg7 21. Rh1 Rh8 22. Qf3 Rae8 23. Rae1 Re5 24. Rxe5 dxe5 25. Qe4 f6 26. f4 gxf4 27. gxf4 Qg4+ 28. Kf2 Kf7 29. fxe5 Qxe4 30. dxe4 fxe5 31. Rh5 Ke7 32. Rxe5+ Kd7 33. Kg3 Re8 34. Rxe8 Kxe8 35. Kf4 Kd7 36. Ke5 h5 37. Kxd4 h4 38. Ke3 Kd6 39. c4 h3 40. Kf3 Ke5 41. c5 h2 42. Kg2 Kxe4 43. d6 Kd5 44. dxc7 Kxc5 45. c8=Q+ Kb5 46. Kxh2 Ka4 47. Qxa6+ Kb3 48. Kg3 1-0

[Event "African Online-ch Women 2021"]
[Site "Online"]
[Date "2021.02.01"]
[Round "5.8"]
[White "Shah, Riya"]
[Black "Vilhete, Vania Fausto Da T."]
[Result "1-0"]
[ECO "A45"]
[WhiteElo "1559"]
[BlackElo "1799"]
[Annotator "NA RC"]
[PlyCount "99"]
[EventDate "2021.02.01"]
[EventType "swiss"]
[EventCountry "NET"]
[SourceTitle "playchess.com"]
[Source "ChessBase"]
[SourceQuality "1"]
[TimeControl "1500+10"]

1. d4 Nf6 2. e3 e6 3. Bd3 b6 4. f4 Bb7 5. Nf3 c5 6. c3 Be7 7. O-O h6 8. Nbd2 d5 9. Ne5 Nbd7 10. b3 O-O 11. Qf3 Rc8 12. Bb2 Qc7 13. Rac1 c4 14. Bc2 cxb3 15. axb3 a5 16. Bd3 Ra8 17. Qf2 a4 18. bxa4 Rxa4 19. c4 Qb8 20. cxd5 exd5 21. Rb1 Ra2 22. Rfc1 Qd8 23. Qf3 Bb4 24. Qd1 Bxd2 25. Qxd2 Nxe5 26. fxe5 Ne4 27. Bxe4 dxe4 28. Qb4 Ba6 29. Ra1 Rxa1 30. Rxa1 Bd3 31. Ba3 Re8 32. Rc1 Qg5 33. Qd2 b5 34. Rc5 Qf5 35. Qf2 Qg4 36. h3 Qe6 37. Rc7 Qb3 38. Bd6 Bc4 39. Qf4 Qb1+ 40. Kh2 Qf1 41. Qg4 Qb1 42. Ra7 Re6 43. Ra8+ Kh7 44. Qf5+ Rg6 45. Qf2 Bf1 46. g3 Bc4 47. Ra7 Qd1 48. Bc5 Qh5 49. Kg2 Be6 50. g4 1-0

[Event "African Online-ch Women 2021"]
[Site "Online"]
[Date "2021.02.01"]
[Round "5.9"]
[White "Wanjiru, Lucy"]
[Black "Malehloa, Likhomo"]
[Result "1-0"]
[ECO "C10"]
[WhiteElo "1623"]
[BlackElo "1331"]
[Annotator "NA RC"]
[PlyCount "103"]
[EventDate "2021.02.01"]
[EventType "swiss"]
[EventCountry "NET"]
[SourceTitle "playchess.com"]
[Source "ChessBase"]
[SourceQuality "1"]
[TimeControl "1500+10"]

1. e4 e6 2. d4 d5 3. Bd3 Nf6 4. Nd2 dxe4 5. Nxe4 Be7 6. c3 O-O 7. Nf3 b6 8. O-O Bb7 9. Re1 Nbd7 10. Bf4 Rc8 11. Ne5 c5 12. Nxd7 Nxd7 13. Nd6 Bxd6 14. Bxd6 Re8 15. dxc5 Nxc5 16. Bc2 Qg5 17. Bg3 Rcd8 18. Qc1 Qd5 19. f3 Qd2 20. Rd1 Qxc1 21. Raxc1 h6 22. b4 Na6 23. Ba4 Rxd1+ 24. Rxd1 Rc8 25. Rd7 Bd5 26. Rxa7 Ra8 27. Rxa8+ Bxa8 28. Bb5 Bb7 29. a4 f6 30. Bc4 Kf7 31. Bf2 Nc7 32. Bxb6 Nd5 33. Bxd5 Bxd5 34. Kf2 Ke7 35. Ke3 Kd7 36. Kd4 Kc6 37. Bc5 Bb3 38. a5 g6 39. c4 e5+ 40. Kc3 Bd1 41. Be7 f5 42. b5+ Kb7 43. c5 Be2 44. Kb4 Bf1 45. g3 Be2 46. Bd6 Bxf3 47. a6+ Kc8 48. Bxe5 Bd5 49. b6 Bc6 50. b7+ Bxb7 51. axb7+ Kxb7 52. Kb5 1-0

[Event "African Online-ch Women 2021"]
[Site "Online"]
[Date "2021.02.01"]
[Round "5.10"]
[White "Joao, Delfina"]
[Black "Ben Said, Safa"]
[Result "1-0"]
[ECO "C66"]
[WhiteElo "1727"]
[BlackElo "1577"]
[Annotator "NA RC"]
[PlyCount "89"]
[EventDate "2021.02.01"]
[EventType "swiss"]
[EventCountry "NET"]
[SourceTitle "playchess.com"]
[Source "ChessBase"]
[SourceQuality "1"]
[TimeControl "1500+10"]

1. e4 e5 2. Nf3 Nc6 3. Bb5 Nf6 4. O-O d6 5. d4 Bd7 6. Bxc6 bxc6 7. dxe5 dxe5 8. Nxe5 Bd6 9. Nxd7 Qxd7 10. Re1 Ng4 11. h3 Rd8 12. Qxg4 Qxg4 13. hxg4 h5 14. gxh5 Rxh5 15. g3 Kd7 16. Be3 Rdh8 17. Nc3 g5 18. Kg2 Rh2+ 19. Kf3 Rg8 20. Rg1 g4+ 21. Ke2 Re8 22. Rad1 Kc8 23. Bd4 f5 24. Bxa7 c5 25. Rd5 fxe4 26. Ke3 Rf8 27. Nxe4 Rh6 28. Bxc5 Rf3+ 29. Kd4 Bxc5+ 30. Rxc5 Re6 31. Re5 Ra6 32. Nc5 Rd6+ 33. Kc4 Kb8 34. Ne4 Ra6 35. Rb5+ Kc8 36. a3 Ra4+ 37. Rb4 Ra6 38. Rh1 Rc6+ 39. Nc5 Kd8 40. Rh2 Rf5 41. Rb5 Re5 42. Kd4 Re2 43. Rb8+ Ke7 44. Rh7+ Kd6 45. Rd8# 1-0

[Event "African Online-ch Women 2021"]
[Site "Online"]
[Date "2021.02.01"]
[Round "5.11"]
[White "Botlhole, Kgalalelo"]
[Black "Du Plessis, Anika"]
[Result "1-0"]
[ECO "A22"]
[WhiteElo "1705"]
[BlackElo "1541"]
[Annotator "NA RC"]
[PlyCount "79"]
[EventDate "2021.02.01"]
[EventType "swiss"]
[EventCountry "NET"]
[SourceTitle "playchess.com"]
[Source "ChessBase"]
[SourceQuality "1"]
[TimeControl "1500+10"]

1. c4 e5 2. g3 Nf6 3. Bg2 Be7 4. d3 O-O 5. Nf3 d6 6. O-O Nbd7 7. Nc3 c6 8. Rb1 d5 9. cxd5 cxd5 10. Bg5 h6 11. Bxf6 Nxf6 12. Nxe5 d4 13. Ne4 Nxe4 14. Bxe4 Qa5 15. Nc4 Qa6 16. a3 Be6 17. Nd2 Rad8 18. Bg2 Bg4 19. Nf3 f5 20. Ne5 Bh5 21. Qb3+ Kh8 22. Qxb7 Qxb7 23. Bxb7 Bd6 24. Bf3 Be8 25. Nc4 Bb8 26. b4 f4 27. Rbc1 fxg3 28. hxg3 Bg6 29. Na5 Bxd3 30. Kg2 Ba6 31. Nc6 Rc8 32. Nxd4 Rxc1 33. Rxc1 Be5 34. Ne6 Rf7 35. Nc5 Bb5 36. Rd1 g5 37. Rd8+ Kg7 38. Bd5 Re7 39. e4 Be2 40. Nd7 1-0

[Event "African Online-ch Women 2021"]
[Site "Online"]
[Date "2021.02.01"]
[Round "5.12"]
[White "Maingi, Sasha"]
[Black "Ibtihal Mohammed"]
[Result "1-0"]
[ECO "B30"]
[WhiteElo "1599"]
[BlackElo "1491"]
[Annotator "NA RC"]
[PlyCount "33"]
[EventDate "2021.02.01"]
[EventType "swiss"]
[EventCountry "NET"]
[SourceTitle "playchess.com"]
[Source "ChessBase"]
[SourceQuality "1"]
[TimeControl "1500+10"]

1. e4 c5 2. Nf3 Nc6 3. g3 e5 4. Bg2 Nf6 5. d3 Be7 6. O-O O-O 7. Re1 h6 8. Nbd2 b5 9. c3 d6 10. Nf1 Be6 11. Ne3 Qd7 12. Nh4 Bh3 13. Nhf5 Bxg2 14. Kxg2 Nh7 15. Qg4 Bf6 16. Nxh6+ Kh8 17. Qxd7 1-0

[Event "African Online-ch Women 2021"]
[Site "Online"]
[Date "2021.02.01"]
[Round "5.13"]
[White "Karania, Saloni"]
[Black "Ndirangu, Joyce Nyaruai"]
[Result "0-1"]
[ECO "E21"]
[WhiteElo "1304"]
[BlackElo "1659"]
[Annotator "NA RC"]
[PlyCount "58"]
[EventDate "2021.02.01"]
[EventType "swiss"]
[EventCountry "NET"]
[SourceTitle "playchess.com"]
[Source "ChessBase"]
[SourceQuality "1"]
[TimeControl "1500+10"]

1. d4 Nf6 2. c4 e6 3. Nc3 b6 4. Nf3 Bb7 5. e3 Bb4 6. Bd2 O-O 7. a3 Be7 8. Qc2 c5 9. Bd3 cxd4 10. exd4 d5 11. cxd5 Bxd5 12. Nxd5 Qxd5 13. O-O Nc6 14. Be3 Rac8 15. Qb1 Bd6 16. h3 g6 17. Rd1 Bb8 18. Bg5 Nh5 19. Be4 Qd6 20. Qd3 f5 21. Bxc6 Rxc6 22. Ne5 Rcc8 23. g4 fxg4 24. hxg4 Nf4 25. Qe3 Nd5 26. Qh3 Rc2 27. Bh4 Nf4 28. Qe3 Qd5 29. Bg3 Qg2# 0-1

[Event "African Online-ch Women 2021"]
[Site "Online"]
[Date "2021.02.01"]
[Round "5.14"]
[White "Sitoe, Cheila Andre"]
[Black "Namangale, Susan"]
[Result "0-1"]
[ECO "B06"]
[WhiteElo "1588"]
[BlackElo "1344"]
[Annotator "NA RC"]
[PlyCount "58"]
[EventDate "2021.02.01"]
[EventType "swiss"]
[EventCountry "NET"]
[SourceTitle "playchess.com"]
[Source "ChessBase"]
[SourceQuality "1"]
[TimeControl "1500+10"]

1. e4 g6 2. d4 d6 3. Nf3 Bg7 4. Nc3 Nd7 5. Bc4 Nb6 6. Bb3 Nf6 7. Bg5 O-O 8. O-O c6 9. Qd2 Bg4 10. Nh4 d5 11. h3 Bc8 12. e5 Ne4 13. Nxe4 dxe4 14. c3 Be6 15. Bh6 Qd7 16. Bxg7 Kxg7 17. Qf4 Bd5 18. Bc2 f6 19. g4 g5 20. Nf5+ Kh8 21. Qe3 Nc4 22. Qc1 Rg8 23. b3 Nb6 24. Qe3 e6 25. Ng3 f5 26. gxf5 exf5 27. Nh5 f4 28. Qe1 Qxh3 29. Ng3 f3 0-1